AoeStats
← Sobelix

Nomad

508936902Analyzed
2v2 RM · 8d ago on Sep 24, 2026· 61m 4s· 4 players
Game mode
Random Map
Map size
176×176
Population
200
Speed
Normal
Resources
Standard
Victory
Conquest
Starting age
Dark Age
Ending age
Imperial Age
RankedLock teamsTeams togetherTeam positionsShared explorationLock speedFull tech treeHidden civsTurbo modeCheats
Victory
Defeat
🇦🇷 Sicilians · Argentina
1035
+13
🇦🇷 Burgundians · Argentina
1032
+13
🇫🇷 Khmer · France
1000
-14
🇦🇷 Italians · Argentina
949
-12
Shakly
9:54 Loom
14:27 Feudal Age
14:58 Fishing Lines
16:19 Double-Bit Axe
19:10 Castle Age
19:30 Pikeman
23:52 Gillnets
24:14 Medium Warships
24:23 Medium Warships
33:03 Ballistics
33:51 Horse Collar
40:36 Imperial Age
41:50 Double Crossbow
42:11 Conscription
41:20 Halberdier
43:27 Heavy Warships
44:05 Demolition Ship
46:01 Siege Engineers
46:08 Careening
46:12 Clinker Construction
47:03 Chemistry
46:09 Siphons
Sobelix
4:57 Loom
14:03 Feudal Age
15:07 Double-Bit Axe
18:52 Castle Age
17:27 Fletching
18:18 Padded Archer Armor
20:23 Bow Saw
23:28 Crossbowman
Limón
3:41 Loom
17:56 Feudal Age
19:22 Wheelbarrow
19:16 Arson
24:27 Castle Age
22:22 Fletching
22:32 Padded Archer Armor
24:50 Forging
24:40 Scale Mail Armor
24:42 Light Cavalry
34:31 Sanctity
37:45 Hand Cart
38:34 Bodkin Arrow
38:54 Leather Archer Armor
44:40 Iron Casting
44:20 Chain Mail Armor
45:45 First Crusade
51:09 Imperial Age
53:01 Medium Warships
52:34 Fishing Lines
52:15 Demolition Ship
52:52 Spies/Treason
54:34 Heavy Demolition Ship
Theminer
7:33 Loom
11:30 Double-Bit Axe
15:30 Feudal Age
14:10 Fishing Lines
17:08 Wheelbarrow
15:57 Man-at-Arms
18:56 Bow Saw
24:17 Castle Age
22:44 Stone Mining
23:10 Gillnets
23:50 Town Watch
24:56 Fletching
27:38 Hand Cart
28:18 Medium Warships
36:38 Imperial Age
34:43 Cavalier
36:15 Husbandry
36:54 Ballistics
38:31 Chemistry
38:54 Conscription
41:20 Town Patrol
42:40 Burgundian Vineyards
43:56 Paladin
50:23 Heavy Warships
49:37 Elite Cannon Galleon
52:08 Horse Collar
52:20 Gold Mining
52:41 Spies/Treason
55:12 Block Printing
55:08 Redemption
55:35 Illumination
55:43 Fervor
56:35 Bodkin Arrow
59:14 Gold Shaft Mining
59:27 Devotion
59:28 Atonement
Connection lost

Rejoining the realm…

Still unreachable

The connection could not be restored.

Session expired

The server has moved on; the page needs a fresh start.